 Dungeon Crawl Stone Soup version bcrawl-1.21.3 (webtiles) character file.

Game seed: 4802557538140526035

54 MisterOstroum the Chopper (level 3, 35/35 HPs)
             Began as a Gnoll Chaos Knight on Apr 3, 2020.
             Was a Plaything of Xom.
             Quit the game on level 2 of the Dungeon.
             The game lasted 00:02:26 (1592 turns).

MisterOstroum the Chopper (Gnoll Chaos Knight)      Turns: 1592, Time: 00:02:27

Health: 35/35      AC:  4    Str: 15    XL:     3   Next: 91%
Magic:  4/4        EV: 12    Int: 14    God:    Xom [.*....]
Gold:   103        SH:  0    Dex: 12    Spells: 4/4 levels left

rFire    . . .     SeeInvis .   i - +2 hand axe (flame)
rCold    . . .     Gourm    .   (no shield)
rNeg     + . .     Faith    .   b - +2 leather armour
rPois    .         Spirit   .   (no helmet)
rElec    .         Reflect  .   (no cloak)
rCorr    .         Harm     .   (no gloves)
MR       .....                  (no boots)
Stlth    +.........             (no amulet)
HPRegen  0.11/turn              j - ring of positive energy
MPRegen  0.09/turn              (no ring)

@: no status effects
A: distributed training, fangs 1, clumsy 1, deformed body, strong nose
a: Renounce Religion


You were on level 2 of the Dungeon.
You worshipped Xom.
You were a plaything of Xom.
You were very hungry.

You visited 1 branch of the dungeon, and saw 2 of its levels.

You collected 103 gold pieces.

Inventory:

Hand Weapons
 a - a +0 hand axe of chaos
 i - a +2 hand axe of flaming (weapon)
Missiles
 d - 586 sling bullets
 l - 266 arrows
 o - 383 stones (quivered)
Armour
 b - a +2 leather armour (worn)
Jewellery
 j - a ring of positive energy (left hand)
 m - an uncursed ring of stealth {unknown}
Scrolls
 c - 3 scrolls of identify {unknown}
 f - a scroll of noise {unknown}
 p - 4 scrolls of magic mapping {unknown}
Comestibles
 e - 4 rations {!d}


   Skills:
 + Level 6.5 Fighting
 + Level 1.0 Short Blades
 + Level 1.0 Long Blades
 + Level 6.5 Axes
 + Level 1.0 Maces & Flails
 + Level 1.0 Polearms
 + Level 1.0 Staves
 + Level 1.0 Slings
 + Level 1.0 Bows
 + Level 1.0 Crossbows
 + Level 1.0 Throwing
 + Level 4.6 Armour
 + Level 2.6 Dodging
 + Level 1.0 Stealth
 + Level 1.0 Shields
 + Level 1.0 Unarmed Combat
 + Level 1.0 Spellcasting
 + Level 0.7 Conjurations
 + Level 0.7 Hexes
 + Level 0.7 Charms
 + Level 0.7 Summonings
 + Level 0.7 Necromancy
 + Level 0.7 Translocations
 + Level 0.7 Transmutations
 + Level 0.7 Fire Magic
 + Level 0.7 Ice Magic
 + Level 0.7 Air Magic
 + Level 0.7 Earth Magic
 + Level 0.7 Poison Magic
 + Level 1.0 Invocations
 + Level 1.0 Evocations


You had 4 spell levels left.
You didn't know any spells.
Your spell library was empty.

Dungeon Overview and Level Annotations

Branches:
Dungeon (2/12)

Altars:
Fedhas
Yredelemnul


Innate Abilities, Weirdness & Mutations

Your experience applies equally to all skills.
You have very sharp teeth.
Your uncanny sense of smell can sniff out nearby items.
You are clumsy. (Dex -2)
Armour fits poorly on your strangely shaped body.


Message History

Your transformation has ended.
Your +2 hand axe of flaming unmelds from your body.
Your +2 leather armour unmelds from your body.
Your ring of positive energy unmelds from your body.
Your +2 hand axe of flaming bursts into flame!
No path to travel!
Really walk into that cloud of seething chaos?
You feel a strong urge to attack something.
You are engulfed in seething chaos.
Multicoloured lights dance before your eyes!
You flicker for a moment.
Really walk into that cloud of seething chaos?
You are engulfed in seething chaos.
You feel your anger nearly subside.
You are engulfed in seething chaos.
You are no longer berserk.
You are exhausted.
You feel as though you will be slow longer.
Really walk into that cloud of seething chaos?
You are engulfed in seething chaos.
You turn into a tree.
Your +2 leather armour melds into your body.
Your roots penetrate the ground.
You cannot move.
Unknown command.
You're standing in a cloud of seething chaos!
You're standing in a cloud of seething chaos!
You are engulfed in seething chaos.
You flicker back into view.
You are engulfed in seething chaos.
You become transparent, but the glow from your magical contamination prevents you from becoming completely invisible.
You are engulfed in seething chaos.
You suddenly lose the ability to move!
Your transformation is almost over.
Your trail of clouds dissipates.
You can move again.
You start waiting.
You flicker for a moment.
You start waiting.
You feel less wooden.
Your +2 leather armour unmelds from your body.
You flicker back into view.
Your body shudders with the violent release of wild energies!
You feel clumsy.
You recover from your berserk rage.
An orc comes into view. It is wielding a +0 flail.
The orc shouts!
An orc is nearby!
An orc is nearby!
You slash the orc! You burn the orc.
You kill the orc!
Your Short Blades skill increases to level 1!
Your Long Blades skill increases to level 1!
Your Maces & Flails skill increases to level 1!
Your Polearms skill increases to level 1!
Your Staves skill increases to level 1!
Your Slings skill increases to level 1!
Your Bows skill increases to level 1!
Your Crossbows skill increases to level 1!
Your Throwing skill increases to level 1!
Your Stealth skill increases to level 1!
Your Shields skill increases to level 1!
Your Unarmed Combat skill increases to level 1!
Your Spellcasting skill increases to level 1!
Your Evocations skill increases to level 1!
No target in view!
No target in view!
No target in view!
No target in view!
No target in view!
No target in view!
No target in view!
No target in view!
No target in view!
Your body shudders with the violent release of wild energies!
Your body twists and deforms.
You see here a +0 flail.
You feel less contaminated with magical energies.
You see here a +0 flail.
You are feeling very hungry.
You feel yourself speed up.
Found a stone staircase leading down.
No target in view!
Unknown command.
It was a potion of resistance.
You feel protected.
It was a potion of haste.
You feel yourself speed up.
It was a potion of cancellation.
Your magical effects are unravelling.
You feel magically purged.
You feel yourself slow down.
Your resistance to elements expires.
A quokka comes into view.
A quokka is nearby!
No target in view!
No target in view!
No target in view!
No target in view!
No target in view!
No target in view!
No target in view!
No target in view!
No target in view!
No target in view!
Are you sure you want to abandon this character and quit the game? (Confirm with "yes".)

#..# #..# ..# ..
#..# ..# ...
#..######..##.#
#.............#.
#..######..>....
###...............
###.................
#...........@.......
###.#.#####.......#.
##.#.# #..$....#
#....# #.......#
#..#.# ###..##.#
##..#.#######..# #
#..............# #
#.. ###.......####.#
.#.#..#.###.
#.............
..#..#... .


There were no monsters in sight!

Vanquished Creatures
  An adder (D:2)
  An ooze (D:2)
  2 worms (D:2)
  5 leopard geckos
  An orc (D:2)
  A giant cockroach (D:1)
  3 goblins (D:2)
  4 hobgoblins
  A bat (D:2)
  2 frilled lizards (D:1)
  4 kobolds
  5 rats
30 creatures vanquished.

Notes
Turn   | Place    | Note
-------+----------+-------------------------------------------
     0 | D:1      | MisterOstroum the Gnoll Chaos Knight began the quest for
                  | the Orb.
     0 | D:1      | Reached XP level 1. HP: 23/23 MP: 1/1
    25 | D:1      | XOM: harmless Ice miscast
   159 | D:1      | XOM: divination: detect items
   183 | D:1      | Reached XP level 2. HP: 29/29 MP: 2/2
   715 | D:2      | XOM: divination: detect creatures
   782 | D:2      | Found a basalt altar of Yredelemnul.
   797 | D:2      | Reached XP level 3. HP: 35/35 MP: 3/3
   887 | D:2      | XOM: mild Tmut miscast
   982 | D:2      | Found a blossoming altar of Fedhas.
  1002 | D:2      | Reached skill level 1 in Invocations
  1252 | D:2      | XOM: harmless Erth miscast
  1398 | D:2      | XOM: cloud trail
  1429 | D:2      | Paralysed by you for 2 turns
  1459 | D:2      | Paralysed by you for 2 turns
  1498 | D:2      | Paralysed by you for 2 turns
  1513 | D:2      | Gained mutation: You are clumsy. (Dex -2) [mutagenic glow]
  1542 | D:2      | Reached skill level 1 in Short Blades
  1542 | D:2      | Reached skill level 1 in Long Blades
  1542 | D:2      | Reached skill level 1 in Maces & Flails
  1542 | D:2      | Reached skill level 1 in Polearms
  1542 | D:2      | Reached skill level 1 in Staves
  1542 | D:2      | Reached skill level 1 in Slings
  1542 | D:2      | Reached skill level 1 in Bows
  1542 | D:2      | Reached skill level 1 in Crossbows
  1542 | D:2      | Reached skill level 1 in Throwing
  1542 | D:2      | Reached skill level 1 in Stealth
  1542 | D:2      | Reached skill level 1 in Shields
  1542 | D:2      | Reached skill level 1 in Unarmed Combat
  1542 | D:2      | Reached skill level 1 in Spellcasting
  1542 | D:2      | Reached skill level 1 in Evocations
  1543 | D:2      | Gained mutation: Armour fits poorly on your strangely
                  | shaped body. [mutagenic glow]
  1592 | D:2      | Quit the game

Skill      XL: |  1  2  3 |
---------------+----------+-----
Invocations    | 1 |  1.0
Short Blades   | 1 |  1.0
Long Blades    | 1 |  1.0
Maces & Flails | 1 |  1.0
Polearms       | 1 |  1.0
Staves         | 1 |  1.0
Slings         | 1 |  1.0
Bows           | 1 |  1.0
Crossbows      | 1 |  1.0
Throwing       | 1 |  1.0
Stealth        | 1 |  1.0
Shields        | 1 |  1.0
Unarmed Combat | 1 |  1.0
Spellcasting   | 1 |  1.0
Evocations     | 1 |  1.0
Fighting       | |  6.5
Axes           | |  6.5
Armour         | |  4.6
Dodging        | |  2.6
Conjurations   | |  0.7
Hexes          | |  0.7
Charms         | |  0.7
Summonings     | |  0.7
Necromancy     | |  0.7
Translocations | |  0.7
Transmutations | |  0.7
Fire Magic     | |  0.7
Ice Magic      | |  0.7
Air Magic      | |  0.7
Earth Magic    | |  0.7
Poison Magic   | |  0.7

Action                   || total
-------------------------++-------
Melee: Hand axe          ||    69
       Bite              ||     3
  Use: Potion            ||     3
 Stab: Sleeping          ||     1
  Eat: Chunk             ||     1
Armor: Leather armour    ||    14
Dodge: Dodged            ||    27
